 Dungeon Crawl Stone Soup version 0.30-a0-377-g5cb311bc9f (webtiles) character file.

Game seed: 12999883615302786529

84 PyroL the Grave Robber (level 4, -4/30 HPs)
             Began as a Demonspawn Necromancer on Nov 29, 2022.
             Slain by a hound simulacrum (8 damage)
             ... on level 3 of the Dungeon.
             The game lasted 00:04:45 (2315 turns).

PyroL the Grave Robber (Demonspawn Necromancer)     Turns: 2315, Time: 00:04:45

Health: -4/30      AC:  2    Str:  9    XL:     4   Next: 24%
Magic:  8/8        EV: 12    Int: 18    God:
Gold:   162        SH:  0    Dex: 13    Spells: 5/9 levels left

rFire   . . .      SeeInvis .    d - +0 dagger
rCold   . . .      Faith    .    (no shield)
rNeg    . . .      Spirit   .    a - +0 robe
rPois   .          Reflect  .    (no helmet)
rElec   .          Harm     .    (no cloak)
rCorr   .          Rampage  .    (no gloves)
Will    +....                    (no boots)
Stlth   ++........               (no amulet)
HPRegen 0.25/turn                p - ring of willpower
MPRegen 0.11/turn                (no ring)

@: no status effects
A: claws 1, foul stench 1
a: no special abilities


You were on level 3 of the Dungeon.
You visited 1 branch of the dungeon, and saw 3 of its levels.

You collected 162 gold pieces.

Inventory:

Hand Weapons
 d - a +0 dagger (weapon)
Armour
 a - a +0 robe (worn)
 c - a +0 pair of gloves
Jewellery
 p - a ring of willpower (left claw)
Scrolls
 e - a scroll of noise {unknown}
 i - a scroll of vulnerability {unknown}
 k - a scroll of enchant weapon {unknown}
 l - 2 scrolls of identify {unknown}
Potions
 b - a potion of magic
 f - a potion of degeneration {unknown}
 g - a potion of heal wounds {unknown}
 h - 2 potions of might {unknown}
 j - a potion of attraction {unknown}
 m - 2 potions of curing {unknown}
 n - 2 potions of lignification {unknown}
 o - a potion of berserk rage {unknown}


   Skills:
 - Level 1.7 Dodging
 - Level 1.7 Stealth
 + Level 3.2 Spellcasting
 + Level 5.4 Necromancy


You had 5 spell levels left.
You knew the following spells:

 Your Spells              Type           Power      Damage    Failure   Level
a - Necrotise             Necr           88%        1d8       1%          1
b - Vampiric Draining     Necr           22%        2d7       4%          3

Your spell library contained the following spells:

 Spells                   Type           Power      Damage    Failure   Level
 Magic Dart               Conj           8%         1d3       16%         1
 Animate Dead             Necr           22%        N/A       17%         4
 Call Imp                 Summ           2%         N/A       24%         2
 Mephitic Cloud           Conj/Pois/Air  2%         N/A       43%         3
 Agony                    Necr           22%        N/A       43%         5


Dungeon Overview and Level Annotations

Branches:
Dungeon (3/15)

Altars:
Makhleb

Shops:
D:3 *

Annotations:
D:3 arthad's ghost, amateur GnCA


Innate Abilities, Weirdness & Mutations

You have sharp fingernails.
You may rarely emit foul miasma when damaged in melee.


Message History

Okay, then.
Okay, then.
You start removing your armour.
You continue taking off your +0 pair of gloves. x4
You finish taking off your +0 pair of gloves.
A quokka simulacrum comes into view.
An adder simulacrum comes into view.
The quokka simulacrum bites you. The quokka simulacrum freezes you.
You barely miss the quokka simulacrum.
The quokka simulacrum closely misses you.
You hit the quokka simulacrum.
The quokka simulacrum vaporises!
An adder simulacrum is nearby!
You start resting.
HP restored.
An adder simulacrum and a hound simulacrum come into view.
A quokka simulacrum comes into view.
A white imp and an arthad's ghost come into view.
Found a ring of fire, a robe and 7 stones.
The white imp shouts!
The hound simulacrum bites you but does no damage.
A hound simulacrum comes into view.
The hound simulacrum bites you. The hound simulacrum freezes you!
Arthad's ghost moves out of view.
You hit the hound simulacrum but do no damage.
The hound simulacrum barely misses you.
Sorry, you're not good enough to have a special ability.
You hit the adder simulacrum.
The adder simulacrum is severely damaged.
The adder simulacrum bites you. The adder simulacrum freezes you.
* * * LOW HITPOINT WARNING * * *
The hound simulacrum bites you.
* * * LOW HITPOINT WARNING * * *
The hound simulacrum freezes you.
* * * LOW HITPOINT WARNING * * *
The hound simulacrum attacks as you move away!
The hound simulacrum bites you.
* * * LOW HITPOINT WARNING * * *
The hound simulacrum freezes you!
You die...

##...... #...... #######
#...... .....(. #...... .....
####... .... ..# .. #...
#..#####..###.###...
##..####...##......##...
.....ZZ@....#......##...
.....5Z###..##.....##...
..#...W ##..#......#...
..#...Z #..#......#...
#..##... ##..#..........
....#...###[ ##..##.....##...
....##....####...#......##)..
.....#..........##......##...
.....##......[..#......[##...


You could see arthad's ghost, a white imp, 2 adder simulacra and 2 hound
simulacra.

Vanquished Creatures
  An adder (D:2)
  2 gnolls (D:2)
  2 worms (D:2)
  2 dart slugs (D:2)
  3 bats
  3 endoplasms
  2 giant cockroaches (D:1)
  3 goblins
  4 hobgoblins
  8 ball pythons
  2 frilled lizards
  8 kobolds
  A quokka simulacrum (D:3)
  A rat (D:1)
42 creatures vanquished.

Vanquished Creatures (collateral kills)
  An endoplasm (D:1)
1 creature vanquished.

Grand Total: 43 creatures vanquished

Notes
Turn   | Place    | Note
-------+----------+-------------------------------------------
     0 | D:1      | PyroL the Demonspawn Necromancer began the quest for the
                  | Orb.
     0 | D:1      | Reached XP level 1. HP: 13/13 MP: 3/3
   366 | D:1      | Gained mutation: You have sharp fingernails. [demonic
                  | ancestry]
   366 | D:1      | Reached XP level 2. HP: 19/19 MP: 3/5
  1330 | D:2      | Reached XP level 3. HP: 21/24 MP: 7/7
  1350 | D:2      | Reached skill level 5 in Necromancy
  1670 | D:1      | Learned a level 3 spell: Vampiric Draining
  1842 | D:2      | Gained mutation: You may rarely emit foul miasma when
                  | damaged in melee. [demonic ancestry]
  1842 | D:2      | Reached XP level 4. HP: 23/30 MP: 1/8
  2069 | D:2      | Found a burning altar of Makhleb.
  2144 | D:3      | Found Duppuh Cobi's General Store.
  2236 | D:3      | Found a runed translucent gate.
  2236 | D:3      | Found a runed translucent gate.
  2236 | D:3      | Found a runed translucent gate.
  2312 | D:3      | Noticed arthad's ghost (amateur GnCA)
  2315 | D:3      | Slain by a hound simulacrum

Illustrated notes

Levels and vault maps discovered:
D:1:      giann_horns, layout_basic, minmay_circled_x
D:2:      layout_loops_cross, basic_altar
D:3:      layout_basic, gammafunk_ghost_icy, serial_shops, shop_statue,
          nicolae_shop_behind_doors, nicolae_shop_crystal

Skill      XL: |  1  2  3 |
---------------+----------+-----
Necromancy     | 5 |  5.4
Spellcasting   | 3 |  3.2
Dodging        | |  1.7
Stealth        | |  1.7

Action                   |  1- 3 |  4- 6 || total
-------------------------+-------+-------++-------
Melee: Unarmed           |     7 |       ||     7
       Dagger            |    42 |     7 ||    49
 Cast: Necrotise         |    64 |    10 ||    74
       Vampiric Draining |     1 |       ||     1
Armor: Robe              |    20 |     1 ||    21
Dodge: Dodged            |    53 |     5 ||    58

Table legend: (Time is in decaauts)
 A = Elapsed time spent in this place.
 B = Non-inter-level travel time spent in this place.
 C = Inter-level travel time spent in this place.
 D = Time resting spent in this place.
 E = Time spent auto-exploring this place.
 F = Levels seen in this place.
 G = Mean time per level.
                   A        B        C        D        E       F      G
               +--------+--------+--------+--------+--------+-----+--------+
         Total |   2314 |   2232 |     82 |     46 |   1721 |   3 |  771.3 |
       Dungeon |   2314 |   2232 |     82 |     46 |   1721 |   3 |  771.3 |
               +--------+--------+--------+--------+--------+-----+--------+

Top non-repeatable levels by time:
     D:1: 1202 daAuts
     D:2: 937 daAuts
     D:3: 175 daAuts
